 Dungeon Crawl Stone Soup version 0.21.1-1-g345015f (webtiles) character file.

74 KillYourself the Firebug (level 4, -5/33 HPs)
             Began as a Draconian Fire Elementalist on June 15, 2018.
             Slain by Grinder (8 damage)
             ... on level 3 of the Dungeon.
             The game lasted 00:15:55 (1590 turns).

KillYourself the Firebug (DrFE)                     Turns: 1590, Time: 00:15:56

Health: -5/33      AC:  5    Str: 11    XL:     4   Next: 9%
Magic:  2/7        EV:  9    Int: 16    God:
Gold:   109        SH:  8    Dex: 11    Spells: 6/7 levels left

rFire    . . .     SeeInvis .   h - +2 short sword (venom)
rCold    . . .     Gourm    .   g - +2 shield
rNeg     . . .     Faith    .   (armour unavailable)
rPois    .         Spirit   .   (helmet restricted)
rElec    .         Reflect  .   (no cloak)
rCorr    .         Harm     .   (no gloves)
MR       .....                  (no boots)
Stlth    ++........             (no amulet)
HPRegen  0.11/turn              d - ring of wizardry
MPRegen  0.10/turn              (no ring)

@: no status effects
A: unfitting armour, cold-blooded, AC +5
a: no special abilities


You were on level 3 of the Dungeon.
You were hungry.

You visited 1 branch of the dungeon, and saw 3 of its levels.

You collected 109 gold pieces.

Inventory:

Hand Weapons
 h - a +2 short sword of venom (weapon)
 i - a +0 dagger
 p - a +0 short sword
Armour
 g - a +2 shield (worn)
 n - a +0 robe
 r - a +0 plate armour
Jewellery
 d - a ring of wizardry (left hand)
Scrolls
 f - 2 scrolls of magic mapping {unknown}
 k - a scroll of blinking {unknown}
 l - 2 scrolls of fear {unknown}
 m - 3 scrolls of identify {unknown}
 q - 3 scrolls of teleportation {unknown}
 s - a scroll of enchant armour {unknown}
 t - a scroll of remove curse {unknown}
Potions
 c - a potion of magic {unknown}
 e - 2 potions of curing {unknown}
 o - a potion of lignification {unknown}
Books
 a - a book of Flames

   Spells                             Type                      Level
   a - Flame Tongue                   Conjuration/Fire             1
   b - Throw Flame                    Conjuration/Fire             2
   c - Conjure Flame                  Conjuration/Fire             3
   d - Inner Flame                    Hexes/Fire                   3
   e - Sticky Flame                   Conjuration/Fire             4
   f - Fireball                       Conjuration/Fire             5
Comestibles
 b - 10 rations


   Skills:
 + Level 0.1 Fighting
 + Level 0.6 Short Blades
 + Level 2.3 Dodging
 + Level 2.0 Stealth
 + Level 0.7 Shields
 + Level 2.4 Spellcasting
 + Level 1.6 Conjurations
 + Level 3.6 Fire Magic


You had 6 spell levels left.
You knew the following spells:

 Your Spells              Type           Power        Failure   Level  Hunger
a - Flame Tongue          Conj/Fire      ##...        17%         1    #......


Dungeon Overview and Level Annotations

Branches:
Dungeon (3/15)

Altars:

Annotations:
D:3 Grinder


Innate Abilities, Weirdness & Mutations

Your plain brown scales are hard. (AC +5)
You cannot fit into any form of body armour.
You are cold-blooded and may be slowed by cold attacks.


Message History

A giant cockroach comes into view.
Grinder blinks!
The orc shouts!
You kill the goblin!
Grinder blinks!
Grinder blinks!
Found a scroll labeled XIHABLADYPN.
Grinder drinks a potion.
Grinder suddenly seems more agile.
Grinder blinks!
You miss Grinder. You block Grinder's attack.
You miss Grinder. Grinder hits you.
You writhe in agony.
* * * LOW HITPOINT WARNING * * *
You closely miss Grinder. Grinder hits you.
* * * LOW HITPOINT WARNING * * *
You writhe in agony.
* * * LOW HITPOINT WARNING * * *
You hit Grinder.
Grinder is lightly wounded.
Grinder hits you!
You die...

#.......#
#..#.##.##
..s§#.#..#
#.# #.#.#
#..
##..####
.. ##sg..#
#rg##.#
#.#5# #
#.##@# #.#
#.# ...
..# #?#
#.## #. #.
#. #. ..


You could see Grinder, 2 gnolls, a giant cockroach and a rat.

Vanquished Creatures
  An adder (D:3)
  A gnoll (D:3)
  A worm (D:2)
  3 dart slugs
  3 leopard geckos
  An orc (D:3)
  2 bats (D:1)
  2 giant cockroaches (D:1)
  4 goblins
  3 hobgoblins
  8 jackals
  3 frilled lizards
  5 kobolds
  6 rats
43 creatures vanquished.

Notes
Turn   | Place    | Note
-------+----------+-------------------------------------------
     0 | D:1      | KillYourself the Draconian Fire Elementalist began the quest for the Orb.
     0 | D:1      | Reached XP level 1. HP: 14/14 MP: 3/3
   150 | D:1      | Reached XP level 2. HP: 18/20 MP: 3/5
   460 | D:1      | Reached XP level 3. HP: 26/26 MP: 6/6
   677 | D:1      | You fall through a shaft!
  1569 | D:3      | Reached XP level 4. HP: 13/33 MP: 0/7
  1575 | D:3      | Noticed Grinder
  1590 | D:3      | Slain by Grinder

Skill      XL: |  1  2  3 |
---------------+----------+-----
Dodging        | 2 |  2.3
Stealth        | 2 |  2.0
Fighting       | |  0.1
Short Blades   | |  0.6
Shields        | |  0.7
Spellcasting   | |  2.4
Conjurations   | |  1.6
Fire Magic     | |  3.6

Action                   |  1- 3 |  4- 6 || total
-------------------------+-------+-------++-------
Melee: Short sword       |    42 |     5 ||    47
       Tailslap          |     4 |       ||     4
 Cast: Flame Tongue      |    32 |     1 ||    33
 Stab: Sleeping          |     6 |       ||     6
  Eat: Chunk             |     2 |       ||     2
Armor: Skin              |    15 |       ||    15
Dodge: Dodged            |    23 |       ||    23
Block: Shield            |    19 |     2 ||    21
